 Dungeon Crawl Stone Soup version 0.30.1-4-g462c640d31 (webtiles) character file.

Game seed: 16883346006445861619

60 H0rd4k the Charlatan (level 4, 0/28 HPs)
             Began as an Octopode Artificer on Aug 18, 2023.
             Slain by an adder (4 damage)
             ... on level 3 of the Dungeon.
             The game lasted 00:01:31 (1727 turns).

H0rd4k the Charlatan (Octopode Artificer)           Turns: 1727, Time: 00:01:31

Health: 0/28       AC:  1    Str: 11    XL:     4   Next: 6%
Magic:  4/4        EV: 13    Int: 15    God:
Gold:   46         SH:  0    Dex: 12    Spells: 3/3 levels left

rFire   . .          .
                       - Unarmed
rCold   . . .        (no shield)
rNeg    . . .        (helmet restricted)
rPois   +            (no amulet)
rElec   .            f - ring of poison resistance
rCorr   .            (no ring)
SInv    .            (no ring)
Will    .....        (no ring)
Stlth   +++          (no ring)
HPRegen 0.24/turn    (no ring)
MPRegen 0.09/turn    (no ring)
                     (no ring)

%: no passive effects
@: no status effects
A: almost no armour, amphibious, 8 rings, camouflage 1, gelatinous body 1,
(nimble swimmer 1), tentacles
a: no special abilities


You were on level 3 of the Dungeon.
You visited 1 branch of the dungeon, and saw 3 of its levels.

You collected 46 gold pieces.

Inventory:

Missiles
 n - 4 poisoned darts
Jewellery
 f - a ring of poison resistance (left tentacle)
Wands
 b - a wand of flame (15) (quivered)
 c - a wand of charming (15)
 d - a wand of iceblast (5)
Scrolls
 e - 4 scrolls of teleportation {unknown}
 g - a scroll of noise {unknown}
 h - 2 scrolls of identify {unknown}
 j - a scroll of poison {unknown}
 o - a scroll of blinking {unknown}
 q - a scroll of enchant weapon {unknown}
Potions
 a - a potion of invisibility {unknown}
 i - a potion of ambrosia {unknown}
 k - 2 potions of flight {unknown}
 l - a potion of haste {unknown}
 m - a potion of resistance {unknown}
 p - 2 potions of curing {unknown}


   Skills:
 + Level 1.0 Fighting
 + Level 2.9 Dodging
 - Level 1.3 Stealth
 + Level 1.5 Unarmed Combat
 + Level 4.4 Evocations


You had 3 spell levels left.
You didn't know any spells.
Your spell library contained the following spells:

 Spells                   Type           Power      Damage    Failure   Level
 Scorch                   Fire           0%         2d5       38%         2
 Portal Projectile        Hex/Tloc       0%         N/A       63%         3
 Tukima's Dance           Hex            0%         N/A       63%         3
 Flame Wave               Conj/Fire      0%         2d4       95%         4
 Blade Hands              Tmut           0%         N/A       100%        5
 Summon Cactus Giant      Summ           0%         N/A       100%        6


Dungeon Overview and Level Annotations

Branches:
Dungeon (3/15)

Altars:

Annotations:
D:3 Natasha


Innate Abilities, Weirdness & Mutations

You cannot wear most types of armour.
You are amphibious.
You can wear up to eight rings at the same time.
Your skin changes colour to match your surroundings (Stealth+).
Your rubbery body absorbs attacks. (AC +1, EV +1)
((You are camouflaged when in or above water. (Stealth+)))
You have tentacles for arms and can constrict up to eight enemies at once.


Message History

You grab the kobold.
You constrict the kobold, but do no damage.
The kobold hits you with a +0 dagger.
You tentacle-slap the kobold.
You kill the kobold!
A kobold comes into view. It is wielding a +0 dagger.
Found a scroll labelled SEAQAKH OCEDGH.
A kobold is nearby!
A kobold is nearby!
The kobold shouts!
You hear an angry hiss.
A howler monkey comes into view.
The howler monkey hoots and howls with incredible vigour!
You hear an angry hiss.
An adder comes into view.
Found a scroll labelled QIWKOT RIADAU.
The kobold closely misses you.
You miss the kobold. Your grab misses the kobold.
Your tentacle-slap misses the kobold.
The kobold closely misses you.
You tentacle-slap the kobold but do no damage.
Your grab misses the kobold. The kobold closely misses you.
You tentacle-slap the kobold. You grab the kobold.
The kobold is severely wounded.
You constrict the kobold.
You kill the kobold!
The howler monkey hits you. x2
You closely miss the howler monkey. Your grab misses the howler monkey.
Your squeeze misses the howler monkey. The howler monkey hits you.
The adder attacks as you move away! The adder bites you.
The howler monkey closely misses you. The adder misses you.
The howler monkey hoots and howls with incredible vigour!
You hear an angry hiss. x2; You hear a shout!
The howler monkey hits you. The adder bites you.
The adder attacks as you move away! The adder misses you.
Natasha, Servant of Life and Death comes into view.
The howler monkey attacks as you move away!
The howler monkey hits you.
* * * LOW HITPOINT WARNING * * *
You miss the adder. Your grab misses the adder. The adder barely misses you.
The adder bites you.
You die...

..# #....# ..#
#....# ..#
#....# ...
#....# ###.
#....#
#....#######
.###....##....#
.........#....#
......##@#)...#
.##... #S#....#
#... #h.....# .
#... ##.....# ..
#...###.....#...
#...?.....h.....
#..............#
#..............#
####...........#


You could see a howler monkey, Natasha and an adder.

Vanquished Creatures
  An adder (D:2)
  2 worms
  6 bats
  6 endoplasms
  A giant cockroach (D:1)
  4 goblins
  6 hobgoblins
  2 quokkas
  2 ball pythons
  2 frilled lizards
  6 kobolds
  5 rats
43 creatures vanquished.

Notes
Turn   | Place    | Note
-------+----------+-------------------------------------------
     0 | D:1      | H0rd4k the Octopode Artificer began the quest for the Orb.
     0 | D:1      | Reached XP level 1. HP: 13/13 MP: 1/1
   226 | D:1      | Reached XP level 2. HP: 18/18 MP: 2/2
   386 | D:1      | Reached skill level 4 in Evocations
   774 | D:2      | Reached XP level 3. HP: 23/23 MP: 3/3
  1286 | D:2      | Reached skill level 1 in Unarmed Combat
  1606 | D:3      | Reached XP level 4. HP: 25/28 MP: 4/4
  1725 | D:3      | Noticed Natasha
  1727 | D:3      | Slain by an adder

Illustrated notes

Levels and vault maps discovered:
D:1:      dpeg_arrival_leaves_temple_mockup, layout_basic, minmay_hexomino_f4
D:2:      layout_loops_ring
D:3:      layout_basic, xom_butterflies, shapermc_ecumenical_altar_venn,
          uniq_natasha, uniq_terence, uniq_jessica, uniq_crazy_yiuf_cottage

Skill      XL: |  1  2  3 |
---------------+----------+-----
Evocations     | 4 |  4.4
Unarmed Combat | 1 |  1.5
Fighting       | |  1.0
Dodging        | |  2.9
Stealth        | |  1.3

Action                     |  1- 3 |  4- 6 || total
---------------------------+-------+-------++-------
  Melee: Unarmed           |   106 |    12 ||   118
         Constrict         |    28 |     2 ||    30
         Tentacles         |    26 |     1 ||    27
         Punch             |     3 |       ||     3
   Stab: Sleeping          |     8 |       ||     8
 Armour: Skin              |    11 |       ||    11
  Dodge: Dodged            |    57 |     8 ||    65
